 Dungeon Crawl Stone Soup version 0.22.1-2-g9c5b331 (webtiles) character file.

11 Goblin1989 the Insei (level 2, 0/21 HPs)
             Began as a Demonspawn Transmuter on Dec 5, 2018.
             Succumbed to a kobold's poison
             ... on level 1 of the Dungeon.
             The game lasted 00:01:06 (257 turns).

Goblin1989 the Insei (Demonspawn Transmuter)         Turns: 257, Time: 00:01:07

Health: 0/21       AC:  2    Str: 10    XL:     2   Next: 13%
Magic:  5/5        EV: 12    Int: 14    God:
Gold:   0          SH:  0    Dex: 13    Spells: 4/5 levels left

rFire    + . .     SeeInvis .   h - +2 dagger (venom)
rCold    . . .     Gourm    .   (no shield)
rNeg     . . .     Faith    .   b - +0 robe
rPois    .         Spirit   .   (no helmet)
rElec    .         Reflect  .   (no cloak)
rCorr    .         Harm     .   (no gloves)
MR       .....                  (no boots)
Stlth    ..........             (no amulet)
HPRegen  0.07/turn              f - ring of attention (curse)
MPRegen  0.09/turn              (no ring)

@: lethally poisoned (0 -> -4)
A: fire resistance 1
a: no special abilities


You were on level 1 of the Dungeon.
You were not hungry.

You visited 1 branch of the dungeon, and saw 1 of its levels.

Inventory:

Hand Weapons
 h - a +2 dagger of venom (weapon)
Missiles
 a - 12 arrows
Armour
 b - a +0 robe (worn)
Jewellery
 f - a cursed ring of attention (left hand)
Comestibles
 e - a ration
 g - 2 chunks of flesh


   Skills:
 - Level 1.0 Fighting
 - Level 1.7 Dodging
 - Level 2.6 Unarmed Combat
 - Level 2.0 Spellcasting
 + Level 2.6 Transmutations


You had 4 spell levels left.
You knew the following spells:

 Your Spells              Type           Power        Failure   Level  Hunger
a - Beastly Appendage     Tmut           #.....       9%          1    ##.....

Your spell library contained the following spells:

 Spells                   Type           Power        Failure   Level  Hunger
 Sticks to Snakes         Tmut           #.......     12%         2    ###....
 Spider Form              Tmut/Pois      #.........   38%         3    ####...
 Ice Form                 Ice/Tmut       #.......     80%         4    #####..
 Blade Hands              Tmut           #.........   92%         5    ######.


Dungeon Overview and Level Annotations

Branches:
Dungeon (1/15)

Altars:


Innate Abilities, Weirdness & Mutations

Your flesh is heat resistant. (rF+)


Message History

You hit the kobold but do no damage. Your headbutt misses the kobold.
The kobold closely misses you.
You hit the kobold.
The kobold is moderately wounded.
The kobold barely misses you.
Some of the chunks of flesh in your inventory have rotted away.
You hit the kobold but do no damage.
The kobold is moderately wounded.
The kobold hits you with a dagger of venom.
You are poisoned.
You take 5 damage, and have 16/21 hp.
MASSIVE DAMAGE!!
You hit the kobold.
You kill the kobold!
Your transformation is almost over.
You feel sick.
You take 1 damage, and have 15/21 hp.
You feel sick. The rat misses you.
You see here a dagger of venom.
You take 1 damage, and have 14/21 hp.
You barely miss the rat. You headbutt the rat, but do no damage.
You feel sick. The rat barely misses you.
Your magical contamination has completely faded away.
You take 1 damage, and have 13/21 hp.
You barely miss the rat.
You feel sick.
A bat comes into view.
The rat bites you but does no damage.
You take 1 damage, and have 12/21 hp.
You are too injured to fight recklessly!
You are too injured to fight recklessly!
You are too injured to fight recklessly!
You are too injured to fight recklessly!
You are too injured to fight recklessly!
You are too injured to fight recklessly!
You are too injured to fight recklessly!
You are too injured to fight recklessly!
You are too injured to fight recklessly!
You are too injured to fight recklessly!
You are too injured to fight recklessly!
You are too injured to fight recklessly!
You are too injured to fight recklessly!
You are too injured to fight recklessly!
You are too injured to fight recklessly!
You are too injured to fight recklessly!
You are too injured to fight recklessly!
You are too injured to fight recklessly!
You are too injured to fight recklessly!
You are too injured to fight recklessly!
You are too injured to fight recklessly!
You closely miss the rat. Your headbutt misses the rat.
You hit the rat but do no damage.
You feel sick. The rat barely misses you. The bat barely misses you.
You take 1 damage, and have 11/21 hp.
You hit the rat.
The rat is severely wounded.
You feel sick. The bat hits you.
* * * LOW HITPOINT WARNING * * *
The rat barely misses you.
You take 2 damage, and have 9/21 hp.
MP restored: 5
h - a dagger of venom The bat hits you but does no damage.
The bat barely misses you. The rat bites you.
* * * LOW HITPOINT WARNING * * *
You take 2 damage, and have 7/21 hp.
Wield which item (- for none, * to show all)? (? for menu, Esc to quit)
Your +2 dagger of venom begins to drip with poison!
h - a +2 dagger of venom (weapon)
Your horns disappear.
* * * LOW HITPOINT WARNING * * *
You feel sick. The rat bites you.
* * * LOW HITPOINT WARNING * * *
The bat hits you.
* * * LOW HITPOINT WARNING * * *
You take 3 damage, and have 4/21 hp.
You hit the rat.
You kill the rat!
The bat closely misses you.
* * * LOW HITPOINT WARNING * * *
You feel sick.
You take 1 damage, and have 3/21 hp.
You barely miss the bat. The bat hits you but does no damage.
* * * LOW HITPOINT WARNING * * *
You feel sick.
Things that are here:
a short sword; a kobold corpse You hit the bat.
The bat is severely wounded.
The bat hits you.
* * * LOW HITPOINT WARNING * * *
You take 1 damage, and have 2/21 hp.
You aren't carrying any potions.
Unknown command.
Unknown command.
The bat barely misses you.
* * * LOW HITPOINT WARNING * * *
You feel sick. The bat closely misses you.
You take 1 damage, and have 1/21 hp.
The bat closely misses you. The bat closely misses you.
You die...

.......
.........
██....=█..
██..(......
██.........!
█...........
█........)..
█...........
█...@b......
█████...........
█..)............
█.████..........
███
█.█████████.█..%
█..
█.........███ ██
█.███████.█████.
█.█.█.......P(█
█.█.█.█████████


You could see a bat.

Vanquished Creatures
  2 dart slugs (D:1)
  3 kobolds (D:1)
  A bat (D:1)
  A frilled lizard (D:1)
  A rat (D:1)
8 creatures vanquished.

Notes
Turn   | Place    | Note
-------+----------+-------------------------------------------
     0 | D:1      | Goblin1989 the Demonspawn Transmuter began the quest for
                  | the Orb.
     0 | D:1      | Reached XP level 1. HP: 15/15 MP: 3/3
   233 | D:1      | Gained mutation: Your flesh is heat resistant. (rF+)
                  | [demonic ancestry]
   233 | D:1      | Reached XP level 2. HP: 21/21 MP: 5/5
   254 | D:1      | HP: 1/21 [poisoned by a kobold]
   257 | D:1      | Succumbed to a kobold's poison

Skill      XL: |  1 |
---------------+----+-----
Transmutations | 2 |  2.6
Fighting       | |  1.0
Dodging        | |  1.7
Unarmed Combat | |  2.6
Spellcasting   | |  2.0

Action                   || total
-------------------------++-------
Melee: Unarmed           ||    23
       Kick              ||     2
       Dagger            ||     3
       Headbutt          ||     1
 Cast: Beastly Appendage ||     4
Armor: Robe              ||     4
Dodge: Dodged            ||    18

Vault maps used:
D:1:      onia_arrival_mini_maze, nrook_uturn
